 Dungeon Crawl Stone Soup version 0.25-a0-990-g0adbbaad2a (webtiles) character file.

Game seed: 8603713341931825006, levelgen mode: deterministic

655 Gumption the Chopper (level 7, -17/61 HPs)
             Began as a Hill Orc Fighter on May 10, 2020.
             Was an Initiate of Beogh.
             Demolished by Pikel
             ... wielding a +1 whip of electrocution
              (20 damage)
             ... on level 3 of the Dungeon.
             The game lasted 00:33:52 (4999 turns).

Gumption the Chopper (Hill Orc Fighter)             Turns: 4999, Time: 00:33:53

Health: -17/61     AC: 11    Str: 20    XL:     7   Next: 54%
Magic:  7/7        EV:  5    Int:  8    God:    Beogh [......]
Gold:   182        SH: 10    Dex: 11    Spells: 6/6 levels left

rFire    . . .     SeeInvis .   a - +0 war axe
rCold    . . .     Gourm    .   c - +0 kite shield
rNeg     . . .     Faith    +   l - +0 chain mail
rPois    .         Spirit   .   (no helmet)
rElec    .         Reflect  .   p - +0 cloak
rCorr    .         Harm     .   (no gloves)
MR       .....                  (no boots)
Stlth    ..........             m - amulet of faith
HPRegen  0.20/turn              (no ring)
MPRegen  0.10/turn              (no ring)

@: no status effects
A: no striking features
a: Renounce Religion


You were on level 3 of the Dungeon.
You worshipped Beogh.
Beogh was noncommittal.
You were hungry.

You visited 1 branch of the dungeon, and saw 4 of its levels.

You collected 182 gold pieces.

Inventory:

Hand Weapons
 a - a +0 war axe (weapon)
 t - a +0 hunting sling
Missiles
 j - 3 boomerangs (quivered)
 n - 99 stones
Armour
 c - a +0 kite shield (worn)
 l - a +0 chain mail (worn)
 p - a +0 cloak (worn)
Jewellery
 k - an uncursed amulet of the gourmand {unknown}
 m - an amulet of faith (around neck)
Scrolls
 g - a scroll of teleportation
 h - a scroll of blinking {unknown}
 i - 4 scrolls of remove curse
Potions
 b - a potion of mutation {unknown}
 d - 3 potions of might
 f - 3 potions of heal wounds
 q - 2 potions of cancellation
 r - a potion of haste
 s - 2 potions of flight
Comestibles
 e - 6 rations


   Skills:
 + Level 5.2 Fighting
 * Level 6.5 Axes
 + Level 4.9 Armour
 * Level 6.0 Shields


You had 6 spell levels left.
You didn't know any spells.
Your spell library was empty.

Dungeon Overview and Level Annotations

Branches:
Dungeon (4/15)
 Temple: D:4-7

Altars:

Annotations:
D:3 Pikel


Message History

* * * LOW HITPOINT WARNING * * *
Pikel hits you with a +1 whip of electrocution.
* * * LOW HITPOINT WARNING * * *
You closely miss Pikel.
Pikel is heavily wounded.
Pikel hits you but does no damage.
Your shield and chain mail prevent you from hitting Pikel.
Pikel is heavily wounded.
You block Pikel's attack.
You barely miss Pikel.
Pikel is heavily wounded.
Pikel hits you but does no damage.
You hit Pikel but do no damage.
Pikel is heavily wounded.
Pikel hits you with a +1 whip of electrocution.
* * * LOW HITPOINT WARNING * * *
You are electrocuted!
* * * LOW HITPOINT WARNING * * *
Pikel hits you but does no damage.
You are electrocuted!!
You die...

#.# #.#.....# #.#
#.#.....# #.#
######.#.....# #.#
#..).........# #.#
#>###......#.# #.# #.#
#......#.###
#.######.###......#....
#.##..K....#.>....#####
#.....@....#......#####
####.......#...........
###############.....
#..... #..... #.....
#..... ###### #


You could see Pikel.

Vanquished Creatures
  2 ogres (D:4)
  The ghost of harlaan the Caller, an amateur DESu (D:3)
  2 scorpions (D:4)
  A jelly (D:3)
  2 hounds (D:4)
  An orc wizard (D:3)
  2 worker ants (D:4)
  A hound skeleton (D:4)
  7 adders
  4 worms
  A dart slug (D:2)
  2 leopard geckos
  12 orcs
  6 bats
  4 giant cockroaches
  6 goblins
  8 hobgoblins
  6 jackals (D:3)
  A quokka (D:2)
  4 ball pythons
  A ball python skeleton (D:4)
  3 frilled lizards
  5 kobolds
  5 rats
87 creatures vanquished.

Vanquished Creatures (others)
  An orc priest (D:4)
1 creature vanquished.

Grand Total: 88 creatures vanquished

Notes
Turn   | Place    | Note
-------+----------+-------------------------------------------
     0 | D:1      | Gumption the Hill Orc Fighter began the quest for the Orb.
     0 | D:1      | Reached XP level 1. HP: 19/19 MP: 1/1
   534 | D:1      | You fall into a shaft and drop 1 floor!
   547 | D:2      | Reached XP level 2. HP: 27/27 MP: 2/2
   603 | D:1      | You fall into a shaft and drop 1 floor!
  1250 | D:2      | Reached XP level 3. HP: 33/33 MP: 3/3
  1801 | D:2      | Reached XP level 4. HP: 40/40 MP: 4/4
  2421 | D:3      | Reached XP level 5. HP: 20/46 MP: 5/5
  2863 | D:3      | Found a runed translucent door.
  2869 | D:3      | Noticed harlaan's ghost (amateur DESu)
  2995 | D:3      | Killed harlaan's ghost
  2995 | D:3      | Reached skill level 5 in Axes
  2995 | D:3      | Reached skill level 5 in Shields
  2995 | D:3      | Reached XP level 6. HP: 28/53 MP: 6/6
  3883 | D:4      | Became a worshipper of Beogh the Brigand
  4441 | D:4      | Noticed a slave
  4496 | D:4      | Reached XP level 7. HP: 58/60 MP: 7/7
  4513 | D:4      | Reached skill level 5 in Fighting
  4951 | D:4      | Noticed Pikel
  4999 | D:3      | HP: 3/61 [Pikel/+1 whip of electrocution (14)]
  4999 | D:3      | Demolished by Pikel

Illustrated notes

Levels and vault maps discovered:
D:1:      dpeg_arrival_boxorama, layout_loops_ring
D:2:      layout_loops_ring
D:3:      layout_basic, first_ration, ebering_ghost_sewer_d
D:4:      minmay_general_purpose_star, layout_cave_pools, serial_shops,
          nicolae_shop_waterfront, kennysheep_windowed_goal, uniq_pikel

Skill      XL: |  1  2  3  4  5  6  7 |
---------------+----------------------+-----
Axes           | 3 4 5 6 |  6.5
Fighting       | 4 5 |  5.2
Shields        | 4 5 6 |  6.0
Armour         | 4 |  4.9

Action                   |  1- 3 |  4- 6 |  7- 9 || total
-------------------------+-------+-------+-------++-------
Melee: War axe           |   106 |   200 |    54 ||   360
Throw: Stone             |    16 |     9 |       ||    25
       Dart              |       |    32 |     2 ||    34
       Boomerang         |       |     1 |     3 ||     4
Invok: Convert to Beogh  |       |     1 |       ||     1
  Use: Scroll            |       |    11 |       ||    11
  Eat: Chunk             |     3 |     7 |     3 ||    13
Armor: Scale mail        |    41 |     7 |       ||    48
       Chain mail        |       |    87 |    27 ||   114
Dodge: Dodged            |    36 |    41 |     9 ||    86
Block: Kite shield       |    49 |   114 |    22 ||   185

Table legend:
 A = Non-vault XP
 B = Vault XP
 C = Vault XP percentage of total XP
 D = Non-vault monster count
 E = Vault monster count
 F = Vault count percentage of total count
                 A         B        C        D         E       F
            +---------+---------+-------+---------+---------+-------
      Total |     586 |     351 |  37.5 |      80 |       7 |   8.0
            +---------+---------+-------+---------+---------+-------
        D:1 |      17 |       0 |   0.0 |      11 |       0 |   0.0
        D:2 |      80 |       0 |   0.0 |      27 |       0 |   0.0
        D:3 |     167 |     110 |  39.7 |      28 |       2 |   6.7
        D:4 |     322 |     241 |  42.8 |      14 |       5 |  26.3
            +---------+---------+-------+---------+---------+-------
